 Dungeon Crawl Stone Soup version 0.17.1-1-g73c8601 (webtiles) character file.

160 Ponchio the Firebug (level 5, 0/28 HPs)
             Began as a Deep Elf Fire Elementalist on Dec 13, 2015.
             Killed by divine providence
             ... invoked by an orc priest
              (16 damage)
             ... on level 3 of the Dungeon.
             The game lasted 00:18:55 (2830 turns).

Ponchio the Firebug (Deep Elf Fire Elementalist)    Turns: 2830, Time: 00:18:55

Health: 0/28       AC:  3    Str:  5    XL:     5   Next: 17%
Magic:  1/11       EV: 13    Int: 21    God:
Gold:   210        SH:  0    Dex: 15    Spells: 1 memorised, 9 levels left

rFire  . . .     SeeInvis .     o - +4 quarterstaff (chaos)
rCold  . . .     Clarity  .     a - +0 robe
rNeg   . . .     SustAt   .     (shield currently unavailable)
rPois  .         Gourm    .     (no helmet)
rElec  .         Spirit   .     n - +0 cloak
rCorr  .         Warding  .     (no gloves)
rMut   .         Stasis   .     (no boots)
MR     .....                    (no amulet)
Stlth  ++........               (no ring)
                                (no ring)

@: not resistant to hostile enchantments, unstealthy
A: no striking features
a: no special abilities


You were on level 3 of the Dungeon.
You were not hungry.

You visited 1 branch of the dungeon, and saw 3 of its levels.

You collected 210 gold pieces.

Inventory:

Hand Weapons
 e - a +1 dagger
 o - a +4 quarterstaff of chaos (weapon)
Armour
 a - a +0 robe (worn)
 n - a +0 cloak (worn)
Jewellery
 q - an uncursed ring of see invisible {unknown}
 r - an uncursed ring of protection from magic {unknown}
Wands
 g - a wand of teleportation (1)
Scrolls
 d - 5 scrolls of remove curse
 p - a scroll of teleportation
 t - a scroll of identify
 v - a scroll of noise {unknown}
Potions
 f - a potion of curing
 h - a potion of invisibility {unknown}
 j - a potion of beneficial mutation {unknown}
 k - 2 potions of brilliance
 l - a potion of ambrosia {unknown}
 m - a potion of magic {unknown}
 u - a potion of agility {unknown}
Books
 b - a book of Flames

   Spells                             Type                      Level
   a - Flame Tongue                   Conjuration/Fire             1
   b - Throw Flame                    Conjuration/Fire             2
   c - Conjure Flame                  Conjuration/Fire             3
   d - Inner Flame                    Hexes/Fire                   3
   e - Sticky Flame                   Conjuration/Fire             4
   f - Fireball                       Conjuration/Fire             5
Comestibles
 c - a bread ration
 i - a meat ration
 s - 3 chunks of flesh


   Skills:
 - Level 2.4 Dodging
 - Level 2.4 Stealth
 - Level 3.0 Spellcasting
 * Level 4.3 Conjurations
 + Level 4.8 Fire Magic


You had 9 spell levels left.
You knew the following spells:

 Your Spells              Type           Power        Failure   Level  Hunger
a - Flame Tongue          Conj/Fire      ###..        1%          1    None


Dungeon Overview and Level Annotations

Branches:
Dungeon (3/15)

Altars:
Fedhas
Xom

Annotations:
D:2 exclusion: oklob plant


Message History

You start resting.
An orc priest comes into view. It is wielding a hand axe.
Casting: Flame Tongue
Confirm with . or Enter, or press ? or * to list all spells.
Aiming: Flame Tongue
Press: ? - help, Shift-Dir - straight line, f - orc priest
Aim: an orc priest, wielding a hand axe and wearing a ring mail The flame tongue hits the orc priest.
The orc priest appears unharmed.
Casting: Flame Tongue
Confirm with . or Enter, or press ? or * to list all spells.
Aiming: Flame Tongue
Press: ? - help, Shift-Dir - straight line, f/p - orc priest
Aim: an orc priest, wielding a hand axe and wearing a ring mail The flame tongue hits the orc priest.
The orc priest appears unharmed.
The orc priest invokes the aid of Beogh against you.
Pain shoots through your body!
The orc priest mumbles some strange prayers to Beogh against you.
Something smites you!
Ouch! That really hurt!
You die...

#.).#.# #.....##.
###.#.# #......#.
#.#.####....#.##
###.#.#..'.......#
#...#.#.##........
#.###.#.########..
#.#...#.#########.
#.#.###.........#.
#@#....########.##
#o####......[.#.##
..# #..#####.#.##
#### #..#####.#...
#†.##.##.####
#....(.....#
#.....##.#.#
####.....#.##
#######...


You could see an orc priest.

Vanquished Creatures
  Crazy Yiuf (D:2)
  Terence (D:2)
  An orc wizard (D:3)
  An adder (D:3)
  A worm (D:2)
  2 giant geckos
  8 orcs (D:3)
  4 giant cockroaches
  6 goblins
  9 hobgoblins
  2 quokkas
  2 ball pythons
  6 bats
  A giant newt (D:1)
  11 kobolds
  3 rats
  2 fungi (D:2)
61 creatures vanquished.

Notes
Turn   | Place    | Note
--------------------------------------------------------------
     0 | D:1      | Ponchio the Deep Elf Fire Elementalist began the quest for the Orb.
     0 | D:1      | Reached XP level 1. HP: 10/10 MP: 6/6
   182 | D:1      | Reached XP level 2. HP: 15/15 MP: 1/8
   412 | D:1      | Found a shimmering altar of Xom.
   980 | D:2      | Found a blossoming altar of Fedhas.
   993 | D:2      | Noticed an oklob plant
  1160 | D:2      | Reached skill level 4 in Fire Magic
  1160 | D:2      | Reached XP level 3. HP: 19/19 MP: 4/9
  1211 | D:2      | Noticed Terence
  1244 | D:2      | Killed Terence
  2091 | D:2      | Noticed Crazy Yiuf
  2096 | D:2      | Killed Crazy Yiuf
  2096 | D:2      | Reached XP level 4. HP: 24/24 MP: 5/10
  2349 | D:3      | Reached XP level 5. HP: 28/28 MP: 5/11
  2830 | D:3      | Killed from afar by an orc priest

Action                   |  1- 3 |  4- 6 || total
-------------------------+-------+-------++-------
Melee: Dagger            |    50 |       ||    50
       Quarterstaff      |       |     1 ||     1
 Cast: Flame Tongue      |    84 |    47 ||   131
  Use: Scroll            |     6 |       ||     6
       Potion            |     1 |       ||     1
  Eat: Chunk             |     1 |     3 ||     4
       Beef jerky        |     1 |       ||     1
